 Dungeon Crawl Stone Soup version 0.31-a0-1616-gbeaec30b81 (webtiles) character file.

Game seed: 4723764507419487299

5517 hito the Thaumaturge (level 11, -4/76 HPs)
             Began as a Djinni Gladiator on Jan 1, 2024.
             Was a Follower of Ru.
             Slain by a wyvern (8 damage)
             ... on level 9 of the Dungeon on Jan 11, 2024.
             The game lasted 00:25:45 (9932 turns).

hito the Thaumaturge (Djinni Gladiator)             Turns: 9932, Time: 00:25:45

Health: -4/76      AC:  5    Str: 19    XL:     11   Next: 1%
Gold:   358        EV: 13    Int: 18    God:    Ru [*.....] SH:  5 Dex: 17

rFire   + + .        s - +3 rapier (flame)
rCold   x . .        (no shield)
rNeg    . . .        F - +2 robe {Will+}
rPois   ∞            c - +0 helmet
rElec   .            (no cloak)
rCorr   .            (no gloves)
SInv    .            (boots unavailable)
Will    ++...        u - amulet of reflection
Stlth   ++           v - +6 ring of strength
HPRegen 0.32/turn    b - +6 ring of intelligence
MPRegen 0.00/turn

%: reflection, infuse magic (-5 HP)
@: flying
A: sickness immunity, fire resistance 2, cold vulnerability 1, unskilled 1,
float, innate caster, HP casting, extra vitality 1
a: Renounce Religion


You were on level 9 of the Dungeon.
You worshipped Ru.
Ru was aware of your devotion.
You visited 2 branches of the dungeon, and saw 10 of its levels.

You collected 427 gold pieces.
You spent 69 gold pieces at shops.

Inventory:

Hand Weapons
 a - a +0 long sword
 i - a +2 dagger of protection
 m - a +0 dagger of electrocution
 q - a +0 sling
 s - a +3 rapier of flaming (weapon)
Missiles
 d - 4 throwing nets (quivered)
 e - 6 javelins
Armour
 c - a +0 helmet (worn)
 y - a +0 leather armour of cold resistance
 F - a +2 robe of willpower (worn)
Jewellery
 b - a +6 ring of intelligence (right hand)
 u - an amulet of reflection (around neck)
 v - a +6 ring of strength (left hand)
Wands
 f - a wand of polymorph (27)
 C - a wand of flame (19)
 I - a wand of roots (14)
Scrolls
 k - a scroll of vulnerability
 o - 3 scrolls of teleportation
 t - 2 scrolls of blinking
 x - 4 scrolls of noise {unknown}
Potions
 g - 2 potions of might
 h - a potion of ambrosia
 j - 4 potions of curing
 l - 2 potions of mutation {unknown}
 p - 2 potions of haste {unknown}
 r - a potion of cancellation
 w - a potion of heal wounds
 z - 2 potions of attraction {unknown}
 A - 6 potions of lignification {unknown}
 D - a potion of resistance {unknown}
 E - a potion of enlightenment {unknown}


   Skills:
 + Level 6.2 Fighting
 + Level 6.0(6.3) Short Blades
 - Level 2.5(4.6) Long Blades
 - Level 1.6 Throwing
 - Level 3.1 Dodging
 + Level 8.5 Spellcasting
 + Level 8.5 Conjurations
 + Level 8.5 Hexes
 + Level 8.5 Summonings
 + Level 8.5 Necromancy
 + Level 8.5 Translocations
 + Level 8.5 Fire Magic
 + Level 8.5 Ice Magic
 + Level 8.5 Air Magic
 + Level 8.5 Earth Magic
 + Level 8.5 Alchemy


You knew the following spells:

 Your Spells              Type           Power      Damage    Failure   Level
a - Slow                  Hex            100%       N/A       1%          1
b - Searing Ray           Conj           76%        2d7       1%          2
c - Mephitic Cloud        Conj/Alch/Air  38%        N/A       1%          3
d - Summon Lightning Spi  Summ/Air       38%        N/A       2%          4
e - Fireball              Conj/Fire      19%        3d9       8%          5
Your spell library was empty.

Dungeon Overview and Level Annotations

Branches:
Dungeon (9/15)             Temple (1/1) D:6
   Lair: D:8-11         Orc: D:9-12

Altars:
Ashenzari
Cheibriados
Dithmenos
Elyvilon
Fedhas
Gozag
Hepliaklqana
Makhleb
Nemelex Xobeh
Okawaru
Qazlal
Ru
Uskayaw
Wu Jian
Xom
Yredelemnul
Zin
The Shining One

Shops:
D:6 *

Annotations:
D:5 exclusion: downstairs
D:9 4 transporters


Innate Abilities, Weirdness & Mutations

You are immune to sickness and miasma.
You are immune to poison.
Your flesh is very heat resistant. (rF++)
You are vulnerable to cold. (rC-)
You are somewhat unskilled. (-1 Apt)
You float through the air rather than walking.
You learn spells naturally, not from books.
Your magical power is your life essence.
You have superior vitality. (+4 MHP)


Message History

Casting: Mephitic Cloud (safe; 1% risk of failure)
Confirm with . or Enter, or press ? or * to list all spells.
Aiming: Searing Ray (safe; 1% risk of failure)
Press: ? - help, Shift-Dir - straight line, f/p - wyvern
Aim: a wyvern (81% to hit)
The searing ray hits the wyvern!
The wyvern is moderately wounded. (Press . to maintain the ray.)
The wyvern barely misses you. The wyvern bites you.
The searing ray misses the wyvern.
The wyvern bites you.
The searing ray hits the wyvern.
The wyvern is heavily wounded.
The wyvern bites you!
* * * LOW HITPOINT WARNING * * *
The wyvern bites you.
* * * LOW HITPOINT WARNING * * *
The searing ray hits the wyvern.
The wyvern is heavily wounded.
* * * LOW HITPOINT WARNING * * *
You finish channelling your searing ray.
The wyvern bites you.
* * * LOW HITPOINT WARNING * * *
Press: ? - help, v - describe, . - travel, g - get item
Here: a wyvern (heavily wounded)
Items here: a +0 whip; a +0 leather armour; an orc corpse.
The floor.
A wyvern is nearby!
Casting: Searing Ray (safe; 1% risk of failure)
Confirm with . or Enter, or press ? or * to list all spells.
Aiming: Mephitic Cloud (safe; 1% risk of failure)
Press: ? - help, Shift-Dir - straight line, f/p - wyvern
Aim: a wyvern (heavily wounded, chance to affect: 77%)
The ball explodes into a vile cloud!
The stinking cloud engulfs the wyvern.
The wyvern is heavily wounded.
The stinking cloud engulfs you.
* * * LOW HITPOINT WARNING * * *
You hear an angry hiss.
The wyvern is engulfed in noxious fumes.
The wyvern appears confused.
The wyvern bites you!
You die...

.##......(.......................
################################.
#. #. ##### #. ####...#######.
###...###........
#.###))#####.#.#####. #§k@..#
##### #. ...§○○§.### #. #########
#. ##### ############# ###### ##
#...###'##.....#..###....####
#...........................#
#..........#...........#..#.####
##..........#..#....#........#...
...[.##..............).###...#...


You could see a wyvern (confused).

Vanquished Creatures
  A two-headed ogre (D:9)
  A kobold demonologist (D:7)
  Eustachio (D:4)
  A wyvern (D:9)
  4 yaks (D:8)
  Menkaure (D:4)
  A steam dragon (D:8)
  Duvessa (D:4)
  A water moccasin (D:7)
  2 orc warriors (D:9)
  An ice beast (D:5)
  A sky beast (D:8)
  2 black bears
  3 ogres (D:5)
  4 centaurs
  A phantom (D:5)
  A kobold brigand (D:9)
  Blork the orc (D:4)
  2 scorpions
  Dowan (D:4)
  A howler monkey (D:9)
  2 orc priests
  2 gnoll boudas (D:8)
  2 sleepcaps
  An iguana (D:6)
  Terence (D:3)
  5 orc wizards
  6 gnolls (D:8)
  7 adders
  A shadow imp (D:7)
  A white imp (D:8)
  5 dart slugs
  2 ribbon worms
  26 orcs
  7 bats
  7 endoplasms
  7 giant cockroaches
  13 goblins
  6 hobgoblins
  6 jackals (D:2)
  4 quokkas
  5 ball pythons
  11 kobolds
  4 rats
163 creatures vanquished.

Vanquished Creatures (collateral kills)
  Psyche (D:9)
  A shadow (D:9)
  A wyvern (D:8)
  A water moccasin (D:6)
  An ogre (D:6)
  An ice beast (D:7)
  A centaur (D:7)
  A kobold brigand (D:6)
  A bullfrog (D:8)
  A gnoll sergeant (D:8)
  An orc priest (D:6)
  A jelly (D:6)
  An iguana (D:7)
  An orc wizard (D:9)
  5 gnolls (D:8)
  2 ufetubi (D:6)
  6 orcs
  6 kobolds
33 creatures vanquished.

Vanquished Creatures (others)
  A kobold (D:9)
1 creature vanquished.

Grand Total: 197 creatures vanquished

Notes
Turn   | Place    | Note
-------+----------+-------------------------------------------
     0 | D:1      | hito the Djinni Gladiator began the quest for the Orb.
     0 | D:1      | Reached XP level 1. HP: 18/18 MP: 0/0
   101 | D:1      | Reached XP level 2. HP: 19/23 MP: 0/0
   341 | D:1      | Reached XP level 3. HP: 25/29 MP: 0/0
   341 | D:1      | Learned a level 1 spell: Slow
   777 | D:1      | Found a faded altar of an unknown god.
  1093 | D:2      | Reached skill level 1 in Spellcasting
  1093 | D:2      | Reached skill level 1 in Conjurations
  1093 | D:2      | Reached skill level 1 in Hexes
  1093 | D:2      | Reached skill level 1 in Summonings
  1093 | D:2      | Reached skill level 1 in Necromancy
  1093 | D:2      | Reached skill level 1 in Translocations
  1093 | D:2      | Reached skill level 1 in Fire Magic
  1093 | D:2      | Reached skill level 1 in Ice Magic
  1093 | D:2      | Reached skill level 1 in Air Magic
  1093 | D:2      | Reached skill level 1 in Earth Magic
  1093 | D:2      | Reached skill level 1 in Alchemy
  1192 | D:2      | Reached XP level 4. HP: 34/34 MP: 0/0
  1899 | D:3      | Noticed Terence
  1932 | D:3      | Killed Terence
  1936 | D:3      | Reached XP level 5. HP: 7/40 MP: 0/0
  1936 | D:3      | Learned a level 2 spell: Searing Ray
  2405 | D:3      | Found a blossoming altar of Fedhas.
  3033 | D:4      | Reached XP level 6. HP: 29/46 MP: 0/0
  3130 | D:4      | Noticed Blork the orc
  3138 | D:4      | Killed Blork the orc
  3304 | D:4      | You are sucked into a shaft and drop 3 floors!
  3329 | D:5      | Entered Level 5 of the Dungeon
  3398 | D:5      | Noticed an ogre
  3404 | D:5      | Killed an ogre
  3405 | D:5      | Reached XP level 7. HP: 45/50 MP: 0/0
  3405 | D:5      | Learned a level 3 spell: Mephitic Cloud
  3764 | D:5      | Reached skill level 5 in Spellcasting
  3764 | D:5      | Reached skill level 5 in Conjurations
  3764 | D:5      | Reached skill level 5 in Hexes
  3764 | D:5      | Reached skill level 5 in Summonings
  3764 | D:5      | Reached skill level 5 in Necromancy
  3764 | D:5      | Reached skill level 5 in Translocations
  3764 | D:5      | Reached skill level 5 in Fire Magic
  3764 | D:5      | Reached skill level 5 in Ice Magic
  3764 | D:5      | Reached skill level 5 in Air Magic
  3764 | D:5      | Reached skill level 5 in Earth Magic
  3764 | D:5      | Reached skill level 5 in Alchemy
  4227 | D:4      | Noticed Dowan
  4227 | D:4      | Noticed Duvessa
  4230 | D:4      | Killed Dowan
  4231 | D:4      | Reached XP level 8. HP: 51/56 MP: 0/0
  4247 | D:4      | Killed Duvessa
  4558 | D:4      | Noticed Menkaure
  4568 | D:4      | Killed Menkaure
  4770 | D:4      | Found a sparkling altar of Nemelex Xobeh.
  4971 | D:4      | Noticed Eustachio
  4985 | D:4      | Killed Eustachio
  5142 | D:4      | Found a burning altar of Makhleb.
  5540 | D:5      | Reached skill level 1 in Short Blades
  5540 | D:5      | Reached XP level 9. HP: 60/60 MP: 0/0
  5540 | D:5      | Learned a level 4 spell: Summon Lightning Spire
  5847 | D:5      | Upgraded the game from 0.31-a0-1540-g5a0b83f448 to
                  | 0.31-a0-1616-gbeaec30b81
  6056 | D:6      | Found Ahouse's Assorted Antiques.
  6106 | D:6      | Bought a fuming grey potion for 22 gold pieces
  6106 | D:6      | Bought a fizzy golden potion for 22 gold pieces
  6106 | D:6      | Bought a scroll labelled ZEJAHE HOU for 25 gold pieces
  6146 | D:6      | Found an opulent altar of Gozag.
  6420 | D:6      | Found a staircase to the Ecumenical Temple.
  6429 | Temple   | Entered the Ecumenical Temple
  6455 | Temple   | Became a worshipper of Ru the Awakened
  6750 | D:7      | Found a hazy altar of Hepliaklqana.
  6914 | D:7      | Noticed a kobold demonologist
  6923 | D:7      | Killed a kobold demonologist
  7095 | D:7      | Reached XP level 10. HP: 24/69 MP: 0/0
  7741 | D:8      | Reached skill level 5 in Short Blades
  7744 | D:8      | Reached skill level 5 in Fighting
  8175 | D:8      | Found an iron altar of Okawaru.
  8413 | D:8      | Gained mutation: You are somewhat unskilled. (-1 Apt) [Ru
                  | sacrifice]
  8413 | D:8      | Reached * piety under Ru
  9222 | D:9      | Noticed Psyche
  9231 | D:9      | Killed Psyche
  9360 | D:9      | Found a transporter.
  9376 | D:9      | Found a transporter.
  9641 | D:9      | Noticed a two-headed ogre
  9661 | D:9      | Killed a two-headed ogre
  9732 | D:9      | Found a transporter.
  9736 | D:9      | Found a transporter.
  9907 | D:9      | Reached XP level 11. HP: 51/76 MP: 0/0
  9907 | D:9      | Learned a level 5 spell: Fireball
  9932 | D:9      | Slain by a wyvern

Illustrated notes

Levels and vault maps discovered:
D:1:      giann_forest_graveyard, layout_basic,
          ebering_ecumenical_altar_abandoned
D:2:      layout_basic
D:3:      layout_basic, mainiacjoe_overflow_surrounded_room, minmay_door_square,
          uniq_terence
D:4:      nicolae_BIG_FREAKIN_CUBE, layout_basic, marbit_many_paths,
          kennysheep_little_box, minmay_misc_feat_ornament, serial_bayou_pond_e,
          hangedman_decor_push, uniq_menkaure, uniq_duvessa, uniq_eustachio,
          uniq_blork_the_orc
D:5:      layout_loops_corners
D:6:      layout_layer_cave, nicolae_gozag_cash_rules_everything_around_me,
          lemuel_temple_firewalk_b, serial_shops, shop
D:7:      layout_rooms, kennysheep_mini, reono_crystal_passage
D:8:      layout_loops_cross, mainiacjoe_overflow_tiny_flanked, enter_bailey_5
D:9:      layout_stronghold, erik_lair_dragon, nicolae_diode_intersection,
          uniq_psyche
Temple:   compressed_dpeg_circular_temple

Skill      XL: |  1  2  3  4  5  6  7  8  9 10 |
---------------+-------------------------------+-----
Spellcasting   | 1 2 3 4 5 7 8 |  8.5
Conjurations   | 1 2 3 4 5 7 8 |  8.5
Hexes          | 1 2 3 4 5 7 8 |  8.5
Summonings     | 1 2 3 4 5 7 8 |  8.5
Necromancy     | 1 2 3 4 5 7 8 |  8.5
Translocations | 1 2 3 4 5 7 8 |  8.5
Fire Magic     | 1 2 3 4 5 7 8 |  8.5
Ice Magic      | 1 2 3 4 5 7 8 |  8.5
Air Magic      | 1 2 3 4 5 7 8 |  8.5
Earth Magic    | 1 2 3 4 5 7 8 |  8.5
Alchemy        | 1 2 3 4 5 7 8 |  8.5
Fighting       | 3 4 6 |  6.2
Short Blades   | 1 4 6 |  6.0
Long Blades    | |  2.5
Throwing       | |  1.6
Dodging        | |  3.1

Action                     |  1- 3 |  4- 6 |  7- 9 | 10-12 || total
---------------------------+-------+-------+-------+-------++-------
  Melee: Long sword        |    22 |       |       |       ||    22
         Dagger            |    93 |   155 |    37 |       ||   285
         Punch             |     4 |       |     2 |     2 ||     8
         Rapier            |       |       |    58 |   110 ||   168
   Cast: Slow              |       |     3 |       |       ||     3
         Searing Ray       |       |    14 |    27 |     8 ||    49
         Mephitic Cloud    |       |       |    19 |    20 ||    39
         Summon Lightning  |       |       |     7 |     7 ||    14
         Fireball          |       |       |       |     1 ||     1
 Invoke: Sacrifice Skill   |       |       |       |     1 ||     1
    Use: Scroll            |       |     6 |     2 |     7 ||    15
   Stab: Sleeping          |       |     2 |     1 |       ||     3
         Confused          |       |       |     6 |    13 ||    19
 Armour: Leather armour    |    52 |    59 |    94 |    64 ||   269
         Robe              |       |    20 |     4 |    13 ||    37
  Dodge: Dodged            |    67 |    93 |    85 |    46 ||   291
  Block: Other             |       |    26 |    38 |    18 ||    82
         Reflection        |       |     1 |     6 |     1 ||     8

Table legend: (Time is in decaauts)
 A = Elapsed time spent in this place.
 B = Non-inter-level travel time spent in this place.
 C = Inter-level travel time spent in this place.
 D = Time resting spent in this place.
 E = Time spent auto-exploring this place.
 F = Levels seen in this place.
 G = Mean time per level.
                   A        B        C        D        E       F      G
               +--------+--------+--------+--------+--------+-----+--------+
         Total |   9912 |   9616 |    296 |   2625 |   4931 |  10 |  991.2 |
       Dungeon |   9859 |   9588 |    271 |   2625 |   4931 |   9 | 1095.4 |
        Temple |     52 |     27 |     25 |      0 |      0 |   1 |   52.0 |
               +--------+--------+--------+--------+--------+-----+--------+

Top non-repeatable levels by time:
     D:5: 1742 daAuts
     D:8: 1285 daAuts
     D:4: 1204 daAuts
     D:6: 1100 daAuts
     D:1: 1045 daAuts
     D:9: 1038 daAuts
     D:3: 1010 daAuts
     D:2: 837 daAuts
     D:7: 595 daAuts
  Temple: 52 daAuts
